 Dungeon Crawl Stone Soup version 0.23.1 (webtiles) character file.

Game seed: 1603183420546065969

1918 MisterOstroum the Covert (level 8, -6/39 HPs)
             Began as a Spriggan Enchanter on Mar 13, 2019.
             Was a Follower of Nemelex Xobeh.
             Mangled by an orc priest
             ... wielding a +0 mace
              (8 damage)
             ... on level 7 of the Dungeon.
             The game lasted 00:50:58 (5934 turns).

MisterOstroum the Covert (Spriggan Enchanter)       Turns: 5934, Time: 00:50:59

Health: -6/39      AC:  4    Str:  7    XL:     8   Next: 95%
Magic:  7/13       EV: 24    Int: 25    God:    Nemelex Xobeh [*.....]
Gold:   295        SH:  4    Dex: 16    Spells: 3/12 levels left

rFire    . . .     SeeInvis +   G - +6 long sword "Faupif" {speed, Int+6}
rCold    . . .     Gourm    .   (shield restricted)
rNeg     . . .     Faith    .   z - +1 robe of Vucoyses {rCorr Str+3 SInv}
rPois    .         Spirit   .   (helmet restricted)
rElec    .         Reflect  .   l - +0 cloak
rCorr    +         Harm     .   (gloves unavailable)
MR       ++...                  (boots unavailable)
Stlth    ++++++....             D - amulet of magic regeneration
HPRegen  0.13/turn              m - ring of stealth
MPRegen  0.38/turn              f - ring of protection from magic

@: very slightly contaminated, very quick
A: very small, unfitting armour, large bone plates 1, see invisible, herbivore,
speed 3, mutation resistance 1, robust 1, slow metabolism 2, subdued magic 1,
sturdy frame 1
a: Draw Escape, Draw Destruction, Draw Summoning, Renounce Religion


You were on level 7 of the Dungeon.
You worshipped Nemelex Xobeh.
Nemelex Xobeh was aware of your devotion.
You were not hungry.

You visited 2 branches of the dungeon, and saw 8 of its levels.

You collected 295 gold pieces.

Inventory:

Hand Weapons
 a - a +1 dagger
 g - a +0 hunting sling
 p - a +0 rapier
 x - a +0 shortbow
 G - the +6 long sword "Faupif" (weapon) {speed, Int+6}
   (You found it on level 6 of the Dungeon)

   Attacks with this weapon are significantly faster.
   It affects your intelligence (+6).
Missiles
 c - 162 stones (quivered)
 j - 15 poisoned needles
 n - 26 sling bullets
 y - 38 arrows
Armour
 l - a +0 cloak (worn)
 z - the +1 robe of Vucoyses (worn) {rCorr Str+3 SInv}
   (You found it on level 5 of the Dungeon)

   It affects your strength (+3).
   It lets you see invisible.
   It provides partial protection from all sources of acid and corrosion.
Jewellery
 f - a ring of protection from magic (right hand)
 m - a ring of stealth (left hand)
 q - an uncursed amulet of harm
 r - an uncursed ring of positive energy
 D - an amulet of magic regeneration (around neck)
Wands
 v - a wand of random effects (23)
Scrolls
 b - 2 scrolls of teleportation
 i - 4 scrolls of remove curse
 o - a scroll of magic mapping {unknown}
 t - a scroll of amnesia
 w - a scroll of fog {unknown}
 E - a scroll of blinking {unknown}
 F - 2 scrolls of fear {unknown}
Potions
 e - a potion of degeneration {unknown}
 k - 2 potions of flight {unknown}
 s - 2 potions of lignification {unknown}
 A - 2 potions of curing
 B - a potion of agility {unknown}
 C - a potion of berserk rage {unknown}
Comestibles
 d - 5 rations


   Skills:
 - Level 6.3 Short Blades
 + Level 8.2 Dodging
 - Level 12.2 Stealth
 - Level 2.6 Spellcasting
 - Level 3.6 Hexes
 + Level 5.0 Evocations


You had 3 spell levels left.
You knew the following spells:

 Your Spells              Type           Power        Failure   Level  Hunger
a - Corona                Hex            ###....      1%          1    None
b - Ensorcelled Hibernat  Hex/Ice        #.....       6%          2    ##.....
c - Tukima's Dance        Hex            ###.....     5%          3    ###....
d - Confuse               Hex            ###.....     5%          3    ###....

Your spell library contained the following spells:

 Spells                   Type           Power        Failure   Level  Hunger
 Beastly Appendage        Tmut           #.....       9%          1    None
 Sticks to Snakes         Tmut           #.......     13%         2    ##.....
 Dazzling Spray           Conj/Hex       #.....       13%         3    ###....
 Spider Form              Tmut/Pois      #.........   26%         3    ###....
 Ice Form                 Ice/Tmut       #.......     67%         4    ####...
 Blade Hands              Tmut           #.........   95%         5    ######.


Dungeon Overview and Level Annotations

Branches:
Dungeon (7/15)             Temple (1/1) D:5

Altars:
Ashenzari
Cheibriados
Dithmenos
Elyvilon
Fedhas
Gozag
Hepliaklqana
Kikubaaqudgha
Makhleb
Nemelex Xobeh
Okawaru
Qazlal
Ru
Sif Muna
Trog
Uskayaw
Vehumet
Wu Jian
Xom
Yredelemnul
Zin
The Shining One

Shops:
D:5 (   D:6 (

Annotations:
D:7 Joseph


Innate Abilities, Weirdness & Mutations

You are very small and have problems with some larger weapons.
You are too small for most types of armour.
You have supernaturally acute eyesight. (SInv)
You are a herbivore.
You cover ground extremely quickly.
You need to consume almost no food.
You are partially covered in large bone plates. (SH +4)
You are somewhat resistant to further mutation.
You are robust. (+10% HP)
Your spells are a little easier to cast, but a little less powerful.
Your movements are slightly less encumbered by armour. (ER -2)


Message History

Aiming: Ensorcelled Hibernation (safe; 6% risk of failure)
Press: ? - help, Shift-Dir - straight line, f/p - orc priest
Aim: an orc priest, wielding a +0 mace and wearing a +0 chain mail (chance to defeat MR: 40%)
You miscast Ensorcelled Hibernation.
You are very lightly contaminated with residual magic.
The light around you dims momentarily.
Casting: Ensorcelled Hibernation (safe; 6% risk of failure)
Confirm with . or Enter, or press ? or * to list all spells.
Aiming: Ensorcelled Hibernation (safe; 6% risk of failure)
Press: ? - help, Shift-Dir - straight line, f/p - orc priest
Aim: an orc priest, wielding a +0 mace and wearing a +0 chain mail (chance to defeat MR: 40%)
The orc priest resists with some effort.
You hit the orc priest but do no damage.
The orc priest hits you with a +0 mace.
* * * LOW HITPOINT WARNING * * *
You hit the orc priest.
The orc priest is lightly wounded.
The orc priest hits you with a +0 mace!
You die...
Your body disappears without a glow.

#..#######....# #.#
#..##....)....######
#.# ###
.>##.###..........# #.#
..# #.##.# #.##.......#
#.#
#.###.##.###.##.......#
#.#
..†..........##)......#
#.#
#.###.#########.......#
#.# #.# #.#
####.......# #.#
#.###.#
#..'o@.....####.#
......#
#.##.......##...#
#######
#.##.......##.#.#
#.###########.#.# #.#
#.### #.# #.#
############.# #.#
(...o[.......# #.#
############.#######
#.#


You could see an orc priest.

Vanquished Creatures
  A sky beast (D:5)
  3 orc warriors
  3 ogres
  A centaur (D:5)
  A bullfrog (D:7)
  A wyvern skeleton (D:7)
  2 howler monkeys
  2 centaur zombies
  A crimson imp (D:5)
  A bullfrog zombie (D:5)
  A hound (D:7)
  2 centaur skeletons
  3 orc priests
  9 orc wizards
  4 worker ants
  A howler monkey zombie (D:6)
  9 adders
  A shadow imp (D:6)
  5 oozes
  An adder zombie (D:5)
  An adder skeleton (D:4)
  2 worms (D:2)
  3 dart slugs
  6 leopard geckos
  32 orcs
  4 giant cockroaches
  13 goblins
  7 hobgoblins
  8 jackals
  4 quokkas
  7 bats
  5 frilled lizards
  13 kobolds
  8 rats
165 creatures vanquished.

Vanquished Creatures (collateral kills)
  An orc warrior (D:6)
  An orc priest (D:7)
  A shadow imp (D:6)
  2 orcs (D:6)
5 creatures vanquished.

Vanquished Creatures (others)
  3 dancing weapons
3 creatures vanquished.

Grand Total: 173 creatures vanquished

Notes
Turn   | Place    | Note
-------+----------+-------------------------------------------
     0 | D:1      | MisterOstroum the Spriggan Enchanter began the quest for
                  | the Orb.
     0 | D:1      | Reached XP level 1. HP: 9/9 MP: 5/5
    85 | D:1      | Reached skill level 5 in Stealth
    89 | D:1      | Reached XP level 2. HP: 13/13 MP: 2/6
    98 | D:1      | Learned a level 2 spell: Ensorcelled Hibernation
   522 | D:1      | Reached XP level 3. HP: 11/16 MP: 0/8
   587 | D:1      | Reached skill level 6 in Stealth
  1359 | D:2      | Reached XP level 4. HP: 17/21 MP: 6/9
  1734 | D:2      | Reached skill level 7 in Stealth
  2124 | D:3      | Learned a level 3 spell: Tukima's Dance
  2529 | D:3      | Reached XP level 5. HP: 24/24 MP: 3/10
  2587 | D:3      | Reached skill level 8 in Stealth
  3268 | D:4      | Reached XP level 6. HP: 14/28 MP: 0/11
  3596 | D:4      | Reached skill level 5 in Short Blades
  3655 | D:4      | Noticed an orc warrior
  3684 | D:4      | Killed an orc warrior
  3719 | D:4      | Learned a level 3 spell: Confuse
  3745 | D:4      | Reached skill level 9 in Stealth
  3745 | D:4      | Reached XP level 7. HP: 32/32 MP: 1/12
  3808 | D:4      | Gained mutation: You tend to lose your temper in combat.
                  | [potion of mutation]
  3808 | D:4      | Gained mutation: You have sharp toenails. [potion of
                  | mutation]
  3808 | D:4      | Gained mutation: Your movements are slightly less
                  | encumbered by armour. (ER -2) [potion of mutation]
  3809 | D:4      | Lost mutation: You tend to lose your temper in combat.
                  | [potion of mutation]
  3809 | D:4      | Lost mutation: You have sharp toenails. [potion of
                  | mutation]
  3809 | D:4      | Gained mutation: Your spells are a little easier to cast,
                  | but a little less powerful. [potion of mutation]
  3809 | D:4      | Gained mutation: You are robust. (+10% HP) [potion of
                  | mutation]
  3809 | D:4      | Gained mutation: You are partially covered in large bone
                  | plates. (SH +4) [potion of mutation]
  3809 | D:4      | Gained mutation: You are somewhat resistant to further
                  | mutation. [potion of mutation]
  3902 | D:4      | Found an opulent altar of Gozag.
  4037 | D:5      | Entered Level 5 of the Dungeon
  4121 | D:5      | Found Zuff's Weapon Shoppe.
  4173 | D:5      | Found a staircase to the Ecumenical Temple.
  4257 | D:5      | Reached skill level 10 in Stealth
  4276 | D:5      | Reached skill level 5 in Dodging
  4295 | D:5      | Got a steaming robe
  4346 | D:5      | Reached XP level 8. HP: 34/39 MP: 13/13
  4480 | Temple   | Entered the Ecumenical Temple
  4579 | Temple   | Became a worshipper of Nemelex Xobeh the Trickster
  4586 | Temple   | Identified the +1 robe of Vucoyses {rCorr Str+3 SInv} (You
                  | found it on level 5 of the Dungeon)
  4661 | D:5      | Reached skill level 11 in Stealth
  4761 | D:5      | Received a gift from Nemelex Xobeh
  4865 | D:5      | Found a glowing silver altar of Zin.
  4946 | D:6      | Reached skill level 1 in Evocations
  5209 | D:6      | Found Amoezu's Antique Weapon Emporium.
  5669 | D:6      | Got a smoking long sword
  5670 | D:6      | Identified the +6 long sword "Faupif" {speed, Int+6} (You
                  | found it on level 6 of the Dungeon)
  5713 | D:7      | Reached skill level 12 in Stealth
  5744 | D:7      | Reached * piety under Nemelex Xobeh
  5862 | D:7      | Noticed Joseph
  5901 | D:7      | Reached skill level 5 in Evocations
  5933 | D:7      | HP: 1/39 [orc priest/+0 mace (2)]
  5934 | D:7      | Mangled by an orc priest

Skill      XL: |  1  2  3  4  5  6  7  8 |
---------------+-------------------------+-----
Stealth        | 5 6 7 8 9 10 12 | 12.2
Short Blades   | 2 3 4 5 6 |  6.3
Dodging        | 4 5 8 |  8.2
Evocations     | 5 |  5.0
Spellcasting   | |  2.6
Hexes          | |  3.6

Action                   |  1- 3 |  4- 6 |  7- 9 || total
-------------------------+-------+-------+-------++-------
Melee: Dagger            |    91 |    73 |    50 ||   214
       Rapier            |       |   143 |    64 ||   207
       Long sword        |       |       |    66 ||    66
 Fire: Hunting sling     |       |       |     2 ||     2
Throw: Stone             |    18 |    26 |     1 ||    45
 Cast: Corona            |     3 |     5 |       ||     8
       Ensorcelled Hiber |    21 |    55 |    19 ||    95
       Tukima's Dance    |       |     2 |     8 ||    10
       Confuse           |       |       |     2 ||     2
 Abil: Draw Destruction  |       |       |     6 ||     6
       Draw Escape       |       |       |     2 ||     2
       Draw Summoning    |       |       |     2 ||     2
  Use: Scroll            |       |     8 |     5 ||    13
       Potion            |       |     2 |     2 ||     4
 Stab: Sleeping          |    25 |    37 |    24 ||    86
       Distracted        |       |     1 |     1 ||     2
  Eat: Ration            |       |     3 |     2 ||     5
Armor: Robe              |     7 |    41 |    10 ||    58
Dodge: Dodged            |    59 |   182 |   120 ||   361
Block: Other             |       |       |    16 ||    16
       Rpst.: Long sword |       |       |    15 ||    15
